 Dungeon Crawl Stone Soup version 0.29-a0-823-gc37b1572da (webtiles) character file.

Game seed: 3926462144981343282

46 IdlyInterested the Trooper (level 3, 0/29 HPs)
             Began as a Demonspawn Fighter on July 8, 2022.
             Slain by a worm (7 damage)
             ... on level 2 of the Dungeon.
             The game lasted 00:04:29 (1799 turns).

IdlyInterested the Trooper (Demonspawn Fighter)     Turns: 1799, Time: 00:04:30

Health: 0/29       AC:  6    Str: 18    XL:     3   Next: 44%
Magic:  3/3        EV:  9    Int:  9    God:
Gold:   48         SH:  4    Dex: 12    Spells: 2/2 levels left

rFire   . . .      SeeInvis .   e - staff of conjuration
rCold   . . .      Faith    .   c - +0 buckler
rNeg    . . .      Spirit   .   b - +0 scale mail
rPois   .          Reflect  .   (no helmet)
rElec   .          Harm     .   (no cloak)
rCorr   .          Rampage  .   (no gloves)
Will    .....                   (no boots)
Stlth   ..........              (no amulet)
HPRegen 0.09/turn               (no ring)
MPRegen 0.08/turn               (no ring)

@: mighty
A: weakness stinger 1
a: no special abilities


You were on level 2 of the Dungeon.
You visited 1 branch of the dungeon, and saw 2 of its levels.

You collected 48 gold pieces.

Inventory:

Hand Weapons
 a - a +1 flail
Missiles
 g - 2 throwing nets (quivered)
Armour
 b - a +0 scale mail (worn)
 c - a +0 buckler (worn)
Magical Staves
 e - a staff of conjuration (weapon)
Scrolls
 f - a scroll of identify
Potions
 i - a potion of cancellation


   Skills:
 - Level 3.0 Fighting
 - Level 1.7(2.2) Maces & Flails
 * Level 1.9(2.3) Staves
 - Level 2.6 Armour
 - Level 2.6 Shields
 * Level 2.1 Evocations


You had 2 spell levels left.
You didn't know any spells.
Your spell library contained the following spells:

 Spells                   Type           Power      Damage    Failure   Level
 Beastly Appendage        Tmut           0%         N/A       86%         1
 Sandblast                Erth           0%         2d4       86%         1
 Passwall                 Tmut/Erth      0%         N/A       95%         2
 Gell's Gravitas          Tloc           0%         N/A       99%         3
 Lesser Beckoning         Tloc           0%         N/A       99%         3
 Stone Arrow              Conj/Erth      0%         3d7       99%         3
 Teleport Other           Tloc           0%         N/A       99%         3
 Alistair's Intoxication  Tmut/Pois      0%         N/A       100%        5
 Fireball                 Conj/Fire      0%         3d3       100%        5
 Statue Form              Tmut/Erth      0%         N/A       100%        6


Dungeon Overview and Level Annotations

Branches:
Dungeon (2/15)

Altars:

Shops:
D:1 (

Annotations:
D:2 Sigmund


Innate Abilities, Weirdness & Mutations

You have a small tail.


Message History

A worm is nearby!
You hit the worm but do no damage. The worm closely misses you.
You hit the worm.
The worm is moderately wounded.
A hobgoblin comes into view.
The hobgoblin shouts!
You hit the worm.
The worm is severely wounded.
The worm bites you.
You hit the worm but do no damage.
The worm is heavily wounded.
A kobold comes into view. It is wielding a +0 dagger.
The worm bites you.
The kobold shouts!
You hit the worm but do no damage.
The worm is heavily wounded.
A hobgoblin comes into view.
The hobgoblin shouts!
You hit the worm.
The worm is severely wounded.
The worm bites you.
A kobold comes into view. It is wielding a +0 dagger.
Sigmund shouts!
The kobold shouts!
You hit the worm.
The worm is severely wounded.
You hear an angry hiss.
A ball python comes into view.
The worm bites you.
* * * LOW HITPOINT WARNING * * *
You feel better.
The hobgoblin hits you but does no damage.
You feel very mighty all of a sudden. The worm bites you!
* * * LOW HITPOINT WARNING * * *
The hobgoblin barely misses you.
You barely miss the worm. You tail-slap the worm.
The worm is almost dead.
The hobgoblin hits you but does no damage.
The worm bites you!
You die...

###.......#######⌠....#
.......................
###................>.⌠.
.....<..##............
.####.#.##.......⌠...
...#.##.......#...
'####.##.......# ## .
..########w# ..# #@#
#g# #K# #S#


Kg. ... ... ..... You could see a worm, 2 hobgoblins, a ball python and 2
kobolds.

Vanquished Creatures
  An adder (D:2)
  A ball python (D:2)
  2 bats (D:1)
  2 endoplasms (D:1)
  2 giant cockroaches (D:2)
  4 goblins (D:1)
  4 hobgoblins (D:1)
  3 jackals (D:1)
  3 quokkas
  5 frilled lizards
  6 kobolds
  A rat (D:1)
34 creatures vanquished.

Notes
Turn   | Place    | Note
-------+----------+-------------------------------------------
     0 | D:1      | IdlyInterested the Demonspawn Fighter began the quest for
                  | the Orb.
     0 | D:1      | Reached XP level 1. HP: 18/18 MP: 1/1
   241 | D:1      | Found Keanoa's Weapon Shoppe.
   290 | D:1      | Reached skill level 1 in Evocations
   455 | D:1      | Reached skill level 1 in Staves
   455 | D:1      | Gained mutation: You have a small tail. [demonic ancestry]
   455 | D:1      | Reached XP level 2. HP: 24/24 MP: 2/2
  1309 | D:2      | Noticed Sigmund
  1421 | D:2      | Got the Omnibus of Moulding and the Blaze
  1429 | D:2      | Reached XP level 3. HP: 25/29 MP: 3/3
  1799 | D:2      | Slain by a worm

Illustrated notes

Levels and vault maps discovered:
D:1:      psy_arrival_dodecagon, layout_rooms, serial_shops,
          nicolae_shop_hallway_plus
D:2:      layout_basic, serial_shops, shop, basic_altar, grunt_ministairs_1,
          chequers_serial_rivers_marsh, amcnicky_mini_rare_corridor_liquid,
          uniq_sigmund

Skill      XL: |  1  2  3 |
---------------+----------+-----
Evocations     | 1 2 |  2.1
Staves         | 1 |  1.9
Fighting       | |  3.0
Maces & Flails | |  1.7
Armour         | |  2.6
Shields        | |  2.6

Action                   || total
-------------------------++-------
Melee: Staff             ||   171
       Tailslap          ||    15
  Use: Scroll            ||     7
       Potion            ||     2
Armor: Scale mail        ||    53
Dodge: Dodged            ||    68
Block: Buckler           ||    34

Table legend: (Time is in decaauts)
 A = Elapsed time spent in this place.
 B = Non-inter-level travel time spent in this place.
 C = Inter-level travel time spent in this place.
 D = Time resting spent in this place.
 E = Time spent auto-exploring this place.
 F = Levels seen in this place.
 G = Mean time per level.
                   A        B        C        D        E       F      G
               +--------+--------+--------+--------+--------+-----+--------+
         Total |   1824 |   1757 |     67 |    960 |    376 |   2 |  912.0 |
       Dungeon |   1824 |   1757 |     67 |    960 |    376 |   2 |  912.0 |
               +--------+--------+--------+--------+--------+-----+--------+

Top non-repeatable levels by time:
     D:1: 1388 daAuts
     D:2: 436 daAuts
